APL (24 & UNDER)
SCOTTSDALE SCORPIONS @ DUNEDIN BLUE JAYS
09/30/2025
 
TOP OF THE 1ST
Scottsdale Scorpions batting - Pitching for Dunedin Blue Jays : RHP Mike Marks
Pitching: RHP Mike Marks
Batting: SHB William Daly 0-0: Ball
1-0: Foul Ball, location: 2F
1-1: Ground out 1-3 (Groundball, 13)
Batting: RHB David Suarze 0-0: Fly out, F5 (Popup, 5SF)
Batting: RHB Jared Thompson 0-0: Called Strike
0-1: SINGLE (Line Drive, 7LS)
Batting: LHB Claudio Rodríguez 0-0: Ball
1-0: Ball
2-0: Foul Ball, location: 2F
2-1: Foul Ball, location: 2F
2-2: SINGLE (Flyball, 9S)
Jared Thompson to second
Runner from 2nd tries for 3rd, OUT!
Top of the 1st over - 0 run(s), 2 hit(s), 0 error(s), 1 left on base; Scottsdale 0 - Dunedin 0
BOTTOM OF THE 1ST
Dunedin Blue Jays batting - Pitching for Scottsdale Scorpions : RHP Lee Hecker
Pitching: RHP Lee Hecker
Batting: RHB António Aguilar 0-0: Ball
1-0: Ball
2-0: Fly out, F7 (Flyball, 7M)
Batting: RHB Harry Miller 0-0: Ball
1-0: Ball
2-0: Ball
3-0: Base on Balls
Batting: RHB Ernesto Gonzáles 0-0: Ball
Harry Miller is caught stealing 2nd base
1-0: Called Strike
1-1: Ball
2-1: Called Strike
2-2: Ball
3-2: Strikes out swinging
Bottom of the 1st over - 0 run(s), 0 hit(s), 0 error(s), 0 left on base; Scottsdale 0 - Dunedin 0
TOP OF THE 2ND
Scottsdale Scorpions batting - Pitching for Dunedin Blue Jays : RHP Mike Marks
Batting: RHB Geomar Dalsoglio 0-0: Ball
1-0: Foul Ball, location: 2F
1-1: Fly out, F8 (Flyball, 8LS)
Batting: RHB Ricardo Gutiérrez 0-0: Ball
1-0: Ball
2-0: Called Strike
2-1: Foul Ball, location: 2F
2-2: Ball
3-2: Base on Balls
Batting: RHB Edgardo Gonzáles 0-0: Ball
1-0: Ball
Ricardo Gutiérrez steals 2nd base
2-0: Ball
3-0: Base on Balls
Batting: LHB Ernesto Hernández 0-0: Called Strike
0-1: Swinging Strike
0-2: Strikes out looking
Batting: RHB Cristián Román 0-0: Ball
1-0: Ball
2-0: Ball
3-0: Called Strike
3-1: Foul Ball, location: 2F
3-2: SINGLE (Groundball, 6MD)
Ricardo Gutiérrez to third
Edgardo Gonzáles to second
Ricardo Gutiérrez scores
Edgardo Gonzáles to third
Batting: SHB William Daly 0-0: Called Strike
0-1: Foul Ball, location: 2F
0-2: Foul Ball, location: 2F
0-2: Strikes out swinging
Top of the 2nd over - 1 run(s), 1 hit(s), 0 error(s), 2 left on base; Scottsdale 1 - Dunedin 0
BOTTOM OF THE 2ND
Dunedin Blue Jays batting - Pitching for Scottsdale Scorpions : RHP Lee Hecker
Batting: RHB Keith Ivey 0-0: Foul Ball, location: 2F
0-1: Ball
1-1: Ball
2-1: Swinging Strike
2-2: Ball
3-2: Foul Ball, location: 2F
3-2: Foul Ball, location: 2F
3-2: Foul Ball, location: 2F
3-2: Foul Ball, location: 2F
3-2: Base on Balls
Batting: RHB Albert Alemán 0-0: Ball
1-0: Ball
2-0: Called Strike
2-1: Swinging Strike
2-2: Ground out 5-3 (Groundball, 56S)
Keith Ivey to second
Batting: SHB Richard Griffin 0-0: Ball
1-0: Swinging Strike
1-1: Ball
2-1: Foul Ball, location: 2F
2-2: DOUBLE (Line Drive, 89D)
Keith Ivey scores
Batting: RHB Andrew O'Dell 0-0: Ball
1-0: Called Strike
1-1: Ground out 5-3 (Groundball, 56S)
Richard Griffin to third
Batting: RHB Cole Boehmer 0-0: Ball
Wild Pitch!
Richard Griffin scores
1-0: Foul Ball, location: 2F
1-1: Called Strike
1-2: Ball
2-2: Strikes out swinging
Bottom of the 2nd over - 2 run(s), 1 hit(s), 0 error(s), 0 left on base; Scottsdale 1 - Dunedin 2
TOP OF THE 3RD
Scottsdale Scorpions batting - Pitching for Dunedin Blue Jays : RHP Mike Marks
Batting: RHB David Suarze 0-0: Foul Ball, location: 2F
0-1: Ground out 1-3 (Groundball, 13S)
Batting: RHB Jared Thompson 0-0: Called Strike
0-1: Ground out 5-3 (Groundball, 15S)
Batting: LHB Claudio Rodríguez 0-0: Called Strike
0-1: Ball
1-1: Foul Ball, location: 2F
1-2: Foul Ball, location: 2F
1-2: Foul Ball, location: 2F
1-2: Ball
2-2: Ball
3-2: Foul Ball, location: 2F
3-2: Foul Ball, location: 2F
3-2: Foul Ball, location: 2F
3-2: Foul Ball, location: 2F
3-2: DOUBLE (Flyball, 89D)
Batting: RHB Geomar Dalsoglio 0-0: Called Strike
0-1: Ball
1-1: Fly out, F4 (Popup, 4M)
Top of the 3rd over - 0 run(s), 1 hit(s), 0 error(s), 1 left on base; Scottsdale 1 - Dunedin 2
BOTTOM OF THE 3RD
Dunedin Blue Jays batting - Pitching for Scottsdale Scorpions : RHP Lee Hecker
Batting: RHB David Castillo 0-0: Called Strike
0-1: Ball
1-1: Ball
2-1: Ball
3-1: Fly out, F7 (Flyball, 7D)
Batting: RHB António Aguilar 0-0: Ball
1-0: Foul Ball, location: 2F
1-1: Ball
2-1: Ground out 1-3 (Groundball, 15)
Batting: RHB Harry Miller 0-0: Fly out, F6 (Popup, 6)
Bottom of the 3rd over - 0 run(s), 0 hit(s), 0 error(s), 0 left on base; Scottsdale 1 - Dunedin 2
TOP OF THE 4TH
Scottsdale Scorpions batting - Pitching for Dunedin Blue Jays : RHP Mike Marks
Batting: RHB Ricardo Gutiérrez 0-0: SINGLE (Groundball, 6MD) (infield hit)
Batting: RHB Edgardo Gonzáles 0-0: Fly out, F2 (Popup, 2LF)
Batting: LHB Ernesto Hernández 0-0: Foul Ball, location: 2F
0-1: SINGLE (Groundball, 34D)
Ricardo Gutiérrez to second
Runner from 2nd tries for 3rd, SAFE, throw made to third
Ernesto Hernández to second
Batting: RHB Cristián Román 0-0: Ball
1-0: Called Strike
1-1: Ball
2-1: Fly out, F9 (Flyball, 89M)
Runner from 3rd tags up, SCORES, no throw
Batting: SHB William Daly 0-0: Ball
1-0: Ball
2-0: Called Strike
2-1: Foul Ball, location: 2F
2-2: Reached on error, E5 (Groundball, 56)
Ernesto Hernández to third
Batting: RHB David Suarze 0-0: Ball
1-0: Foul Ball, location: 2F
1-1: Foul Ball, location: 2F
1-2: Strikes out looking
Top of the 4th over - 1 run(s), 2 hit(s), 1 error(s), 2 left on base; Scottsdale 2 - Dunedin 2
BOTTOM OF THE 4TH
Dunedin Blue Jays batting - Pitching for Scottsdale Scorpions : RHP Lee Hecker
Batting: RHB Ernesto Gonzáles 0-0: Called Strike
0-1: Called Strike
0-2: Ball
1-2: Strikes out swinging
Batting: RHB Keith Ivey 0-0: SINGLE (Line Drive, 6D)
Batting: RHB Albert Alemán 0-0: Ball
1-0: Ball
2-0: Ball
3-0: Base on Balls
Keith Ivey to second
Batting: SHB Richard Griffin 0-0: Ball
1-0: Fly out, F9 (Flyball, 89M)
Batting: RHB Andrew O'Dell 0-0: Ball
1-0: Ball
2-0: Ground out 3-1 (Groundball, 34)
Bottom of the 4th over - 0 run(s), 1 hit(s), 0 error(s), 2 left on base; Scottsdale 2 - Dunedin 2
TOP OF THE 5TH
Scottsdale Scorpions batting - Pitching for Dunedin Blue Jays : RHP Mike Marks
Batting: RHB Jared Thompson 0-0: Ball
1-0: Ball
2-0: Called Strike
2-1: Ground out 5-3 (Groundball, 5L)
Batting: LHB Claudio Rodríguez 0-0: Ball
1-0: Ball
2-0: Foul Ball, location: 2F
2-1: Ball
3-1: Base on Balls
Pitching: RHP Cliff Long
Batting: RHB Geomar Dalsoglio 0-0: Grounds into double play, 6-4-3 (Groundball, 6)
Top of the 5th over - 0 run(s), 0 hit(s), 0 error(s), 0 left on base; Scottsdale 2 - Dunedin 2
BOTTOM OF THE 5TH
Dunedin Blue Jays batting - Pitching for Scottsdale Scorpions : RHP Lee Hecker
Batting: RHB Cole Boehmer 0-0: Swinging Strike
0-1: SINGLE (Groundball, 5S)
Batting: RHB David Castillo 0-0: Grounds into double play, 6-4-3 (Groundball, 6M)
Batting: RHB António Aguilar 0-0: Called Strike
0-1: SINGLE (Groundball, 4MS) (infield hit)
Batting: RHB Harry Miller 0-0: Swinging Strike
0-1: Ball
1-1: Fly out, F4 (Popup, 4MD)
Bottom of the 5th over - 0 run(s), 2 hit(s), 0 error(s), 1 left on base; Scottsdale 2 - Dunedin 2
TOP OF THE 6TH
Scottsdale Scorpions batting - Pitching for Dunedin Blue Jays : RHP Cliff Long
Batting: RHB Ricardo Gutiérrez 0-0: Ball
1-0: Called Strike
1-1: Foul Ball, location: 2F
1-2: Foul Ball, location: 2F
1-2: Strikes out looking
Batting: RHB Edgardo Gonzáles 0-0: Ball
1-0: Called Strike
1-1: Ball
2-1: Ball
3-1: Base on Balls
Batting: LHB Ernesto Hernández 0-0: Foul Ball, location: 2F
0-1: Fly out, F7 (Line Drive, 7M)
Batting: RHB Cristián Román 0-0: Ball
1-0: Foul Ball, location: 2F
1-1: Ball
2-1: Swinging Strike
2-2: Strikes out swinging
Top of the 6th over - 0 run(s), 0 hit(s), 0 error(s), 1 left on base; Scottsdale 2 - Dunedin 2
BOTTOM OF THE 6TH
Dunedin Blue Jays batting - Pitching for Scottsdale Scorpions : RHP Lee Hecker
Batting: RHB Ernesto Gonzáles 0-0: Swinging Strike
0-1: Ball
1-1: Ball
2-1: Ground out 4-3 (Groundball, 4M)
Batting: RHB Keith Ivey 0-0: Foul Ball, location: 2F
0-1: SINGLE (Groundball, 34D) (infield hit)
Batting: RHB Albert Alemán 0-0: Foul Ball, location: 2F
0-1: Ball
1-1: Ball
2-1: Foul Ball, location: 2F
2-2: Ground out 4-3 (Groundball, 4M)
Keith Ivey to second
Batting: SHB Richard Griffin 0-0: Ball
1-0: Ball
2-0: Ball
3-0: Called Strike
3-1: Called Strike
3-2: Foul Ball, location: 2F
3-2: SINGLE (Groundball, 4MD)
Keith Ivey to third
Keith Ivey scores
Pitching: RHP Sterling Caldwell
Batting: RHB Andrew O'Dell 0-0: Foul Ball, location: 2F
0-1: Ball
1-1: Swinging Strike
1-2: Ball
2-2: Foul Ball, location: 2F
2-2: Ball
3-2: Strikes out swinging
Bottom of the 6th over - 1 run(s), 2 hit(s), 0 error(s), 1 left on base; Scottsdale 2 - Dunedin 3
TOP OF THE 7TH
Scottsdale Scorpions batting - Pitching for Dunedin Blue Jays : RHP Cliff Long
Batting: SHB William Daly 0-0: Ball
1-0: Foul Ball, location: 2F
1-1: Ground out 6-3 (Groundball, 6)
Pitching: RHP Ralph Miller
Batting: RHB David Suarze 0-0: Ball
1-0: Ball
2-0: Called Strike
2-1: Ground out 1-3 (Groundball, 15S)
Batting: RHB Jared Thompson 0-0: Swinging Strike
0-1: Ball
1-1: Fly out, F9 (Flyball, 9D)
Top of the 7th over - 0 run(s), 0 hit(s), 0 error(s), 0 left on base; Scottsdale 2 - Dunedin 3
BOTTOM OF THE 7TH
Dunedin Blue Jays batting - Pitching for Scottsdale Scorpions : RHP Sterling Caldwell
Pitching: RHP Alejandro Guzmán
Batting: RHB Cole Boehmer 0-0: Called Strike
0-1: Foul Ball, location: 2F
0-2: Ball
1-2: Strikes out swinging
Batting: RHB David Castillo 0-0: Ball
1-0: Ball
2-0: Ball
3-0: Called Strike
3-1: Foul Ball, location: 2F
3-2: Strikes out swinging
Batting: RHB António Aguilar 0-0: Called Strike
0-1: Ball
1-1: Ball
2-1: Ball
3-1: Base on Balls
Batting: RHB Harry Miller 0-0: Ball
Throwing error on steal attempt, E2
António Aguilar to third
1-0: Foul Ball, location: 2F
1-1: Ball
2-1: Ball
3-1: Foul Ball, location: 2F
3-2: Base on Balls
Batting: RHB Ernesto Gonzáles 0-0: Ball
1-0: Fly out, F7 (Flyball, 78M)
Bottom of the 7th over - 0 run(s), 0 hit(s), 1 error(s), 2 left on base; Scottsdale 2 - Dunedin 3
TOP OF THE 8TH
Scottsdale Scorpions batting - Pitching for Dunedin Blue Jays : RHP Ralph Miller
Pitching: RHP Paul Ewing
Now in RF: José Murillo
Batting: LHB Claudio Rodríguez 0-0: Called Strike
0-1: Ball
1-1: Fly out, F8 (Flyball, 8RD)
Batting: RHB Geomar Dalsoglio 0-0: Ball
1-0: Ball
2-0: Foul Ball, location: 2F
2-1: Fly out, F6 (Line Drive, 6)
Batting: RHB Ricardo Gutiérrez 0-0: Ball
1-0: Foul Ball, location: 2F
1-1: Foul Ball, location: 2F
1-2: Ball
2-2: Foul Ball, location: 2F
2-2: Strikes out swinging
Top of the 8th over - 0 run(s), 0 hit(s), 0 error(s), 0 left on base; Scottsdale 2 - Dunedin 3
BOTTOM OF THE 8TH
Dunedin Blue Jays batting - Pitching for Scottsdale Scorpions : RHP Alejandro Guzmán
Batting: RHB Keith Ivey 0-0: Called Strike
0-1: Ball
1-1: Called Strike
1-2: Fly out, F7 (Flyball, 7D)
Pitching: RHP Martin Miller
Batting: RHB Albert Alemán 0-0: Ball
1-0: Foul Ball, location: 2F
1-1: Swinging Strike
1-2: Strikes out swinging
Batting: SHB Richard Griffin 0-0: Ball
1-0: Foul Ball, location: 2F
1-1: Ball
2-1: Ball
3-1: Foul Ball, location: 2F
3-2: Foul Ball, location: 2F
3-2: Base on Balls
Pinch Hitting: RHB Rafael Carreón 0-0: Called Strike
Richard Griffin steals 2nd base
0-1: Foul Ball, location: 2F
0-2: Ground out 1-3 (Groundball, 13)
Bottom of the 8th over - 0 run(s), 0 hit(s), 0 error(s), 1 left on base; Scottsdale 2 - Dunedin 3
TOP OF THE 9TH
Scottsdale Scorpions batting - Pitching for Dunedin Blue Jays : RHP Paul Ewing
Pitching: RHP Enrique Paredes
Now at 2B: Fernando Bórquez
Now in LF: Roberto Félix
Batting: RHB Edgardo Gonzáles 0-0: Foul Ball, location: 2F
0-1: Called Strike
0-2: Strikes out swinging
Batting: LHB Ernesto Hernández 0-0: Ball
1-0: Called Strike
1-1: Ball
2-1: Foul Ball, location: 2F
2-2: Ball
3-2: Strikes out swinging
Batting: RHB Cristián Román 0-0: Called Strike
0-1: Ball
1-1: Ball
2-1: Ball
3-1: Base on Balls
Pinch Runner at 1st José Garza:
Batting: SHB William Daly 0-0: Called Strike
0-1: Called Strike
0-2: Ball
1-2: Fielders Choice at 2nd, U6 (Groundball, 6M)
Top of the 9th over - 0 run(s), 0 hit(s), 0 error(s), 1 left on base; Scottsdale 2 - Dunedin 3
This league is powered by Out of the Park Baseball, the baseball management simulation game for PC, Mac and Linux
Tuesday, August 2nd, 2016 - OOTP Baseball 16.8 Build 38